[Event "MCCT Chessable Masters 2022"]
[Site "Online"]
[Date "2022.05.16"]
[Round "3.5"]
[White "Anton Guijarro, David"]
[Black "Vidit, Santosh Gujrathi"]
[Result "1/2-1/2"]
[ECO "B14"]
[WhiteElo "2691"]
[BlackElo "2723"]
[Annotator "TA"]
[PlyCount "84"]
[EventDate "2022.05.19"]
[EventType "tourn"]
[EventCountry "NET"]
[SourceTitle "playchess.com"]
[Source "ChessBase"]
[SourceQuality "1"]
[TimeControl "900+10"]

1. Nf3 Nf6 2. c4 c5 3. Nc3 Nc6 4. e3 e6 5. d4 d5 6. cxd5 exd5 7. Bb5 cxd4 8. exd4 Bd6 $1 {[%emt 0:00:01] 8...Bd6 scores better than 8...Be7. B14: Caro-Kann: Panov-Botvinnik Attack with 5...e6 and 5...g6.} 9. O-O O-O 10. Bg5 Bg4 11. Be2 Be6 12. Re1 h6 13. Bh4 g5 14. Bg3 Ne4 {[%emt 0:00:19] [#]} 15. Bxd6 $146 ({Predecessor:} 15. Nxe4 dxe4 16. Ne5 Nxe5 17. dxe5 Bb4 18. Rf1 Qxd1 19. Rfxd1 Rfd8 20. a3 Bd2 21. h3 Bb3 22. Rf1 {0-1 (40) Colon Romero,M-Parma,B San Juan 1969}) 15... Nxd6 16. Ne5 Kg7 17. Bf3 Nf5 (17... Rc8 {is interesting.} 18. Bxd5 Bxd5 19. Nxd5 Nf5) 18. Nxc6 bxc6 19. Bg4 Qf6 20. Bxf5 Bxf5 21. Qd2 Rfe8 22. h3 Bg6 23. Rac1 h5 24. Re3 g4 25. Rce1 (25. Rg3 {seems wilder.} gxh3 26. Rf3 h2+ 27. Kxh2 Qh4+ 28. Kg1) 25... Rxe3 {[%emt 0:00:03] The position is equal.} 26. Rxe3 Rb8 27. b3 c5 28. Nxd5 Qxd4 29. Qc3 Rd8 30. Nf4 Qxc3 31. Rxc3 $11 {[%emt 0:00:02][%mdl 4096] Endgame KRB-KRN} Rd1+ 32. Kh2 Rd2 33. hxg4 hxg4 34. Kg3 Rxa2 35. Rxc5 Ra3 36. Kxg4 Rxb3 37. Ra5 $1 Rb7 38. f3 Re7 39. g3 f6 40. Nd5 Rd7 41. Ne3 Bd3 42. Nf5+ Bxf5+ {[%emt 0:00:12] A balanced but interesting game.  Weighted Error Value: White=0.04 (flawless) /Black=0.04 (flawless)} 1/2-1/2

[Event "MCCT Chessable Masters 2022"]
[Site "Online"]
[Date "2022.05.16"]
[Round "3.6"]
[White "Ding, Liren"]
[Black "Shankland, Sam"]
[Result "1/2-1/2"]
[ECO "A30"]
[WhiteElo "2806"]
[BlackElo "2718"]
[Annotator "TA"]
[PlyCount "103"]
[EventDate "2022.05.19"]
[EventType "tourn"]
[EventCountry "NET"]
[SourceTitle "playchess.com"]
[Source "ChessBase"]
[SourceQuality "1"]
[TimeControl "900+10"]

1. Nf3 c5 2. c4 Nf6 3. b3 g6 4. Bb2 Bg7 5. g3 b6 6. Bg2 Bb7 7. O-O O-O 8. d4 cxd4 9. Qxd4 d6 {[%emt 0:00:15] A30: Symmetrical English: Double Fianchetto and Hedgehog.} 10. Rc1 Nbd7 11. Nc3 {[%emt 0:00:02] [#]} a6 $146 ({Predecessor:} 11... Rc8 12. Nd5 e6 13. Nxf6+ Bxf6 14. Qd2 d5 15. cxd5 Bxd5 16. Rxc8 Qxc8 17. Rc1 Qd8 18. Bxf6 Qxf6 19. Ne1 {½-½ (19) Robatsch,K (2410)-Stohl,I (2560) Austria 1992}) 12. Nd5 b5 13. Qh4 Nxd5 14. Bxg7 Kxg7 15. cxd5 (15. Ne1 $1 $11) 15... Nf6 (15... Bxd5 $17 16. Re1 (16. Ng5 Bxg2 17. Kxg2 h6 $17) 16... Rc8) 16. e4 $11 Rc8 17. Bh3 (17. Rd1 $11) 17... Rxc1+ $15 18. Rxc1 h6 19. Qf4 Qb6 20. Rc2 (20. a4 $11) 20... e5 $1 $17 21. dxe6 fxe6 ({Better is} 21... Bxe4 $17 22. Re2 (22. e7 Re8 $17) 22... g5 23. Nxg5 hxg5 24. Qxg5+ Bg6 25. exf7 Qd4) 22. Bxe6 Nxe4 23. Qh4 g5 $2 ({Not} 23... Rxf3 24. Qe7+ Kh8 25. Bf7 $11 (25. Qe8+ Kg7 $11)) (23... Rf6 $1 $19 24. Bg4 h5 25. Bxh5 gxh5 26. Qxh5 Nxf2 $1 27. Qg5+ Kf7 28. Rxf2 Rxf3) 24. Qg4 $15 {[%emt 0:00:01] [#]} Nxf2 $1 25. Qd4+ Qxd4 26. Nxd4 Ne4 27. Rc7+ Kf6 28. Rxb7 Ke5 29. Nc6+ (29. Nxb5 $1 $11 axb5 30. Bd7) 29... Kxe6 {[%emt 0:00:04][%mdl 4096] Endgame KRN-KRN} 30. Re7+ Kd5 31. Nb4+ Kd4 32. Nxa6 g4 {[%emt 0:00:30] ...Ng5 is the strong threat.} 33. Nc7 Kd3 (33... Ng5 $1 $17 {[%cal Rg5h3] ( -> ...Nh3+)} 34. Kg2 (34. Nxb5+ $2 Kc5 $19) 34... b4) 34. Ne6 Rc8 {[%emt 0:00:14] And now ...Rc1+ would win.} (34... Ra8 $5 35. Nf4+ Ke3 $15) 35. Nf4+ Kd4 {[%emt 0:00:28] Strongly threatening ...Rc1+.} 36. Rc7 {[%emt 0:00:36][%mdl 8192] Prevents Rc1+.} Rxc7 $19 37. Ne6+ Ke3 $1 38. Nxc7 {[%emt 0:00:00] KN-KN} Nc3 {[%emt 0:00:01] White must now prevent ...d5.} 39. a4 bxa4 40. bxa4 {[%emt 0:00:00] [#]} Nxa4 $2 (40... d5 $1 $19 {[%cal Rd5d4] has better winning chances.} 41. Nb5 d4) 41. Kg2 $2 {[%emt 0:00:21][%mdl 8192] [#]} (41. Ne8 $17 {nothing else works.}) 41... Ke4 $2 (41... Nc3 $1 $19 {Hoping for ...d5.} 42. Ne8 Ne4) 42. h3 $1 $11 {[%emt 0:00:06] The position is equal.} d5 (42... h5 $5 43. Ne8 Kf5 $11) 43. hxg4 d4 44. Kf2 Nc3 45. Ne6 d3 46. Nc5+ Kd4 47. Nb3+ Ke4 {[%emt 0:00:16] aiming for ...Nd1+.} 48. Nd2+ Kd4 49. Nf3+ Ke4 50. Nd2+ Kd4 {[%emt 0:00:00] Threatens to win with ...Ne4+.} 51. Nf3+ Ke4 52. Nd2+ {[%emt 0:00:00] Whites escaped into a draw.  Weighted Error Value: White=0.70/Black=0.57} 1/2-1/2

[Event "MCCT Chessable Masters 2022"]
[Site "Online"]
[Date "2022.05.16"]
[Round "3.7"]
[White "Hansen, Eric"]
[Black "Mishra, Abhimanyu"]
[Result "0-1"]
[ECO "B51"]
[WhiteElo "2606"]
[BlackElo "2535"]
[Annotator "TA"]
[PlyCount "98"]
[EventDate "2022.05.19"]
[EventType "tourn"]
[EventCountry "NET"]
[SourceTitle "playchess.com"]
[Source "ChessBase"]
[SourceQuality "1"]
[TimeControl "900+10"]

1. e4 c5 2. Nf3 d6 3. Bb5+ Nd7 4. c3 Ngf6 5. Qe2 a6 6. Ba4 b5 7. Bc2 Bb7 {[%emt 0:00:01] B51: Sicilian: Moscow Variation (3 Bb5+) without 3...Bd7.} 8. O-O g6 9. d4 Bg7 {[%emt 0:00:12] The position is equal.} 10. Rd1 cxd4 11. cxd4 O-O 12. Nc3 {[%emt 0:00:18] [#]} Qc7 $146 ({Predecessor:} 12... Rc8 13. a3 Qb6 14. Be3 Ng4 15. Bg5 e5 16. dxe5 Ngxe5 17. Be7 Rfe8 18. Bxd6 Nc4 {½-½ (87) Gueci,T (2204)-Sovetbekova,N (1665) Chess.com INT 2021}) 13. Bd3 Nb6 (13... b4 $15 14. Nb1 e5) 14. a3 Rac8 15. h3 Nc4 16. Qe1 Rfe8 17. a4 b4 18. Nb1 (18. Na2 $11) 18... e5 {[%emt 0:01:12][%cal Of6e4] Threatens to win with ...Nxe4!} (18... Na5 $5 19. Nbd2 e5 $17) 19. dxe5 (19. b3 $2 Na5 20. dxe5 dxe5 $19) 19... dxe5 ({Black should try} 19... Nxe5 $17 20. Nxe5 Rxe5) 20. Nbd2 (20. Qxb4 $15 Bxe4 21. Bxc4 Bxf3 22. gxf3 Qxc4 23. Qxc4 Rxc4 24. Be3) 20... Nd6 (20... Na5 $1 $17 21. Bb1 Qe7) 21. Qe2 a5 22. b3 Nd7 $1 23. Bb2 Nc5 24. Rac1 Qe7 25. Bb5 Red8 26. Qe3 Nxb5 ({Black should play} 26... Ncxe4 {And now ...Nf5 would win.} 27. Nxe4 Rxc1 28. Rxc1 Bxe4) 27. axb5 $17 Rd3 28. Qe2 {[%emt 0:00:01][%cal Oc1c5] Strongly threatening Rxc5!} Rcd8 {[%emt 0:00:18] 0x0.001a2ce1cda1dp-1022s more active pieces.} 29. Nc4 Rxd1+ $1 ({Much worse is} 29... Bxe4 $6 30. Nfxe5 Bb7 31. Re1 $11 (31. Rxd3 $2 Nxd3 32. Rd1 Nxb2 $17)) (29... Rxb3 30. Nxa5 Rbd3 31. Nxb7 Rxd1+ 32. Rxd1 $16) 30. Rxd1 Nxb3 31. Nfxe5 {[%emt 0:00:06] [#]} (31. Bxe5 $17 a4 32. Rxd8+ Qxd8 33. Qc2) 31... a4 $1 $19 {[%emt 0:00:26] White must now prevent ...a3.} 32. Nc6 Bxc6 ({Resist} 32... Rxd1+ 33. Qxd1 Bxc6 34. bxc6 $16) 33. bxc6 {[%emt 0:01:40] [#]} a3 $2 ({Don't do} 33... Rxd1+ 34. Qxd1 Nc5 35. Bxg7 Kxg7 36. Qa1+ f6 37. e5 fxe5 38. Nxe5 $16) (33... Nd4 $1 $19 34. Bxd4 Bxd4) 34. Rxd8+ $4 {[%emt 0:01:08][%mdl 8192] This costs White the game.} (34. Nxa3 $1 $11 {and White has nothing to worry.} Rxd1+ 35. Qxd1 Bxb2 36. Nc4) 34... Qxd8 35. Nxa3 bxa3 36. Bxa3 Nd4 {[%emt 0:00:25] Against Qb5} 37. Qa6 Be5 38. g3 h5 39. Bc5 Ne6 40. Be3 Qd1+ 41. Kg2 Qc2 {[%emt 0:00:05] Prevents Qc4.} 42. Qc8+ $2 (42. Qa8+ Kh7 43. c7 Nxc7 44. Qb7) 42... Kg7 {[%emt 0:00:05] Black is clearly winning.} 43. Qd7 Qxe4+ 44. Kf1 {[%emt 0:00:02] [#]} Bxg3 $1 45. Bb6 (45. Qd2 Bh2) 45... Be5 {[%emt 0:00:14] ( -> ...Nf4)} 46. Be3 Qh1+ 47. Ke2 Qxh3 48. Qd5 Qf5 {[%emt 0:00:06] ...h4 is the strong threat.} 49. Qc4 Qg4+ {[%emt 0:00:07] Weighted Error Value: White=0.50/Black=0.13 (very precise)} 0-1

[Event "MCCT Chessable Masters 2022"]
[Site "Online"]
[Date "2022.05.16"]
[Round "3.8"]
[White "Mamedyarov, Shakhriyar"]
[Black "Van Foreest, Jorden"]
[Result "1/2-1/2"]
[ECO "D32"]
[WhiteElo "2770"]
[BlackElo "2715"]
[Annotator "TA"]
[PlyCount "56"]
[EventDate "2022.05.19"]
[EventType "tourn"]
[EventCountry "NET"]
[SourceTitle "playchess.com"]
[Source "ChessBase"]
[SourceQuality "1"]
[TimeControl "900+10"]

1. d4 d5 2. c4 e6 3. Nf3 c5 4. cxd5 exd5 5. Bg5 Nf6 6. Nc3 Be6 7. g3 (7. Bxf6 $5 gxf6 8. e4 $14) 7... Nc6 {[%emt 0:00:05] D32: Tarrasch Defence: Sidelines and lines without g3.} 8. Bg2 h6 9. Bxf6 Qxf6 {[%emt 0:00:00] White is slightly better.} 10. O-O O-O-O {[%emt 0:00:03][%cal Rc6d4] [#]} 11. Rc1 $146 {[%emt 0:00:19] With the idea dxc5.} ({Predecessor:} 11. Qa4 Kb8 12. Rad1 g5 13. dxc5 Bxc5 14. Qb5 Qe7 15. Na4 Bd6 16. Rc1 Rc8 17. Rfd1 {1-0 (58) Dreev,A (2647)-Nesterov,A (2479) Cheboksary 2021}) 11... Kb8 12. dxc5 Bxc5 13. Na4 Bd6 14. Qd2 Rc8 15. Nc5 Bxc5 16. Rxc5 Ne5 17. Rxc8+ Rxc8 18. b3 {[%emt 0:00:15] Against Nc4} Nxf3+ $1 19. Bxf3 Qc3 20. Qf4+ Qc7 21. Qa4 Qc6 {[%emt 0:00:05] [#] White must now prevent ...Qxa4.} 22. Qa3 Qc5 23. Qb2 Qc3 24. Qa3 Qc5 25. Qa4 (25. Qb2 $11 {is superior.} Qc3 26. Qa3) 25... Qc6 $14 {[%emt 0:00:05] [#] Strongly threatening ...Qxa4.} 26. Qf4+ Qc7 $1 27. Qd4 Qc3 $1 28. Qf4+ Qc7 $1 {[%emt 0:00:02] Weighted Error Value: White=0.14 (very precise) /Black=0.07 (flawless)} 1/2-1/2

[Event "MCCT Chessable Masters 2022"]
[Site "Online"]
[Date "2022.05.16"]
[Round "4.1"]
[White "Carlsen, Magnus"]
[Black "Van Foreest, Jorden"]
[Result "1-0"]
[ECO "D32"]
[WhiteElo "2864"]
[BlackElo "2715"]
[Annotator "TA"]
[PlyCount "81"]
[EventDate "2022.05.19"]
[EventType "tourn"]
[EventCountry "NET"]
[SourceTitle "playchess.com"]
[Source "ChessBase"]
[SourceQuality "1"]
[TimeControl "900+10"]

1. d4 d5 2. c4 e6 3. Nc3 c5 4. cxd5 exd5 5. Nf3 Nf6 6. Bg5 Be6 7. dxc5 {[%emt 0:00:07][%cal Oe2e4] D32: Tarrasch Defence: Sidelines and lines without g3.} Bxc5 8. e3 Nc6 9. Bb5 {[%emt 0:00:28] The position is equal.} h6 (9... Rc8 $11 {might be stronger.}) 10. Bxf6 $14 Qxf6 {[%emt 0:00:55] [#]} 11. Nxd5 $146 (11. O-O $5 ) ({Predecessor:} 11. O-O O-O 12. h3 Rad8 13. Rb1 a6 14. Bxc6 bxc6 15. Nd4 Bd7 16. b4 Ba7 17. Qd3 {0-1 (27) Cook,P (937)-Kuttner,J (976) LSS email 2021}) 11... Qxb2 ({Black should try} 11... Bxd5 $14 12. Qxd5 Bb4+ 13. Kf1 O-O) 12. Nc7+ {[%emt 0:00:03] Pair of Knights!} Ke7 {[%emt 0:00:01][%cal Oc5b6] [#] Hoping for ...Bb6!} 13. O-O {[%emt 0:00:07] And now Bxc6 would win.} Rad8 14. Qc1 {[%emt 0:01:37] Really sharp!} Qxc1 15. Raxc1 Kd6 (15... Bb6 $16) 16. Nxe6 $18 fxe6 17. Rfd1+ Kc7 18. Rxd8 Rxd8 19. Rxc5 Kb6 {[%emt 0:00:02] [#]} 20. Rxc6+ $1 bxc6 21. Ba4 c5 (21... Kc5 {was worth a try.} 22. Ne5 Rd5) 22. Ne5 Kc7 23. Kf1 Rd2 24. Bb3 Rb2 25. h4 ({But not} 25. Bxe6 $2 Rb1+ 26. Ke2 Kd6 $19) 25... Rb1+ 26. Ke2 Kd6 27. f4 Rb2+ $2 (27... h5 28. Nd3 Rg1) 28. Kf3 {[%emt 0:00:02] Black must now prevent Nc4+.} Rb1 29. g4 Rc1 30. g5 Ke7 31. Kg4 Re1 (31... hxg5 $142 32. hxg5 Rc3) 32. Kh5 Rxe3 33. Kg6 hxg5 34. hxg5 Kf8 35. Nd7+ Ke7 36. Nxc5 e5 37. f5 Kd6 38. Ne6 e4 39. Kxg7 Rf3 40. f6 e3 41. Nd4 {[%emt 0:00:00] Weighted Error Value: White=0.06 (flawless) /Black=0.70} ({Weaker is} 41. f7 e2 42. f8=R (42. Nf4 $2 Rxf4 43. f8=Q+ Rxf8 $19) 42... Rxf8 43. Nxf8 a5 $11) 1-0

[Event "MCCT Chessable Masters 2022"]
[Site "Online"]
[Date "2022.05.16"]
[Round "4.2"]
[White "Mishra, Abhimanyu"]
[Black "Mamedyarov, Shakhriyar"]
[Result "1-0"]
[ECO "C54"]
[WhiteElo "2535"]
[BlackElo "2770"]
[Annotator "TA"]
[PlyCount "83"]
[EventDate "2022.05.19"]
[EventType "tourn"]
[EventCountry "NET"]
[SourceTitle "playchess.com"]
[Source "ChessBase"]
[SourceQuality "1"]
[TimeControl "900+10"]

1. e4 e5 2. Nf3 Nc6 3. Bc4 Bc5 4. c3 Nf6 5. d3 O-O 6. O-O d5 7. exd5 Nxd5 8. a4 {[%emt 0:00:09] C54: Giuoco Piano: 4 c3 Nf6, main lines with 5 d4 and 5 d3.} a5 9. Nbd2 Kh8 {[%emt 0:01:17] [#]} 10. Re1 $146 {[%emt 0:01:46] White is slightly better.} (10. Ne4 $5 Be7 11. Qb3 $14) ({Predecessor:} 10. Ne4 Be7 11. Qb3 Be6 12. Nfg5 Qd7 13. Nxe6 fxe6 14. Ng5 Bxg5 15. Bxg5 b5 16. axb5 {0-1 (68) Aslanov,U (2019)-Bykov,E (2436) Chess.com INT 2020}) 10... f6 11. d4 Ba7 12. dxe5 Nxe5 13. Nxe5 fxe5 14. Ne4 Be6 15. Bg5 Qd7 16. Bh4 $36 {[%emt 0:00:51][%mdl 2048] White fights for an advantage.} h6 {[%emt 0:01:24] Prevents Ng5.} 17. Bg3 Qf7 18. Qb3 (18. Bxe5 Bxf2+ 19. Nxf2 Qxf2+ 20. Kh1 Ne3 21. Rxe3 (21. Qe2 Qxe2 22. Bxe2 Nc2 $17) 21... Qxe3 $17) 18... c6 19. Kh1 Rad8 20. Bxe5 Bh3 21. Bg3 (21. gxh3 Qf3+ 22. Kg1 Bxf2+ 23. Nxf2 Qxf2+ 24. Kh1 Qf3+ 25. Kg1 Ne3) 21... Bxg2+ 22. Kxg2 $18 {[%emt 0:00:02] Kg1 is the strong threat.} Qf3+ 23. Kg1 Ne3 24. Rxe3 (24. fxe3 $2 Qxe4 25. Bf1 (25. Qxb7 Rd2) 25... Rd2 $19) 24... Bxe3 25. Re1 (25. fxe3 Qxe4 26. Rf1 h5 27. Rxf8+ Rxf8 $19) 25... Qxe4 $2 {[%emt 0:00:01] Black cannot hold the game after this.} (25... Rd2 $16 26. Rxe3 (26. Qa3 c5 $11) 26... Rd1+ 27. Bf1 Rxf1+ 28. Kxf1 Qxe3) 26. Rxe3 {[%emt 0:00:34] The board is on fire.} Qb1+ 27. Kg2 Rd1 {[%emt 0:00:01] [#] ( -> ...Rg1+)} 28. Be2 Rg1+ 29. Kh3 {[%emt 0:00:01] aiming for Bd3.} Qf5+ 30. Bg4 Qg5 (30... Rxg3+ {was necessary.} 31. Rxg3 (31. fxg3 Qf1+ 32. Kh4 Qf6+ 33. Kh3 Qf1+ 34. Kh4 Qf6+ 35. Kh3 Qf1+ $11) 31... Qxf2) 31. Qe6 h5 32. Be2 {[%emt 0:00:12][%cal Bg4e2,Be2d3,Bd3f5][%mdl 32] [#] Threatens to win with Re5.} Rf5 (32... Qf6 $18 33. Qxf6 gxf6) 33. Qe4 (33. Qc8+ $142 Kh7 34. Re8 Kg6 35. Rh8 Qf6 36. Bd3 Re1 37. Rf8 Re6 38. Rxf6+ Rexf6 39. Bh4) 33... Rf8 34. Bd3 Qh6 {[%emt 0:00:01] Inhibits Qh7+.} (34... Qg4+ $142 35. Qxg4 hxg4+ 36. Kxg4 Kg8 37. Bc4+ Kh7) 35. Qe7 Rg8 36. Qf7 (36. Re6 $142 Rxg3+ 37. fxg3) 36... Qg5 37. Qf5 (37. Bf5 $142 Qf6 38. Qxh5+ Qh6 39. Qxh6+ gxh6 40. Be5+ R8g7 41. Rg3) 37... Qxf5+ 38. Bxf5 Rf8 39. Bg6 b5 40. axb5 cxb5 41. Re5 Rf6 42. Re8+ {[%emt 0:00:05] Weighted Error Value: White=0.51/Black=0.93} 1-0

[Event "MCCT Chessable Masters 2022"]
[Site "Online"]
[Date "2022.05.16"]
[Round "4.3"]
[White "Shankland, Sam"]
[Black "Hansen, Eric"]
[Result "1-0"]
[ECO "A29"]
[WhiteElo "2718"]
[BlackElo "2606"]
[Annotator "TA"]
[PlyCount "107"]
[EventDate "2022.05.19"]
[EventType "tourn"]
[EventCountry "NET"]
[SourceTitle "playchess.com"]
[Source "ChessBase"]
[SourceQuality "1"]
[TimeControl "900+10"]

1. c4 Nf6 2. Nc3 d5 3. cxd5 Nxd5 4. g3 Nxc3 5. bxc3 e5 6. Bg2 Bd6 7. Nf3 Nc6 8. O-O O-O 9. d3 Bd7 {[%emt 0:00:21] [#] A29: English Opening: Four Knights Variation with 4 g3.} 10. a4 $146 ({Predecessor:} 10. Bb2 Qe7 11. c4 Bc5 12. e3 Bg4 13. h3 Be6 14. Nxe5 Nb4 15. Bxb7 Rab8 16. Bg2 {1-0 (32) Kreuchauf,O-Blume,B freechess.de 2019}) 10... Re8 11. Nd2 Na5 {[%emt 0:00:04] The position is equal.} 12. Nb3 Nxb3 13. Qxb3 Rb8 14. a5 b6 15. axb6 axb6 16. Ra7 Be6 17. Qb5 Bd7 18. Qa6 h5 19. h4 Bg4 20. Re1 Qf6 21. Bg5 Qg6 22. Qb5 f6 23. Bc1 Bf5 24. Ba3 Bxa3 25. Qb3+ Qf7 26. Qxf7+ Kxf7 27. Rxa3 e4 (27... g5 $11 {remains equal.}) 28. dxe4 $1 $16 Bxe4 29. Ra7 $1 Bxg2 30. Rxc7+ ({Reject} 30. Kxg2 $6 Rbc8 $11) 30... Re7 31. Rxe7+ Kxe7 32. Kxg2 {[%emt 0:00:01][%mdl 4096] Endgame KR-KR} Rc8 33. Rb1 Rxc3 34. Rxb6 Kf7 35. Rd6 Rb3 36. Rd3 Rb4 37. Kf3 Ke6 38. Ra3 Rb5 39. Ra7 g6 40. Rg7 g5 41. hxg5 fxg5 42. Rh7 g4+ 43. Kg2 Kf6 {[%emt 0:00:19] [#]} 44. f4 $1 gxf3+ 45. exf3 ({Don't play} 45. Kxf3 $6 Rf5+ 46. Kg2 Re5 $11) 45... Rb2+ 46. Kh3 Kg6 47. Ra7 Rb1 48. Ra6+ Kf5 $2 {[%emt 0:00:16][%mdl 8192] This move loses the game for Black.} (48... Kg7 $16) 49. f4 $18 {[%emt 0:00:20] Rh6 is the strong threat. White is clearly winning.} Rh1+ 50. Kg2 Rb1 {[%emt 0:00:08] [#]} 51. Rh6 $1 Rb2+ 52. Kh3 Ke4 53. Rxh5 {[%emt 0:00:15] aiming for Kg4.} Kf3 54. Ra5 {[%emt 0:00:10] Weighted Error Value: White=0.02 (flawless) /Black=0.08 (flawless)} 1-0

[Event "MCCT Chessable Masters 2022"]
[Site "Online"]
[Date "2022.05.16"]
[Round "4.4"]
[White "Vidit, Santosh Gujrathi"]
[Black "Ding, Liren"]
[Result "1/2-1/2"]
[ECO "E32"]
[WhiteElo "2723"]
[BlackElo "2806"]
[Annotator "TA"]
[PlyCount "132"]
[EventDate "2022.05.19"]
[EventType "tourn"]
[EventCountry "NET"]
[SourceTitle "playchess.com"]
[Source "ChessBase"]
[SourceQuality "1"]
[TimeControl "900+10"]

1. d4 Nf6 2. c4 e6 3. Nc3 Bb4 4. Qc2 O-O 5. e4 d5 6. e5 Ne4 7. Bd3 c5 $1 8. Nge2 {[%emt 0:00:21] E32: Nimzo-Indian: Classical (4 Qc2): 4...0-0.} cxd4 9. Nxd4 Nd7 10. Bf4 Qh4 11. g3 Qh5 12. O-O Bxc3 13. bxc3 g5 ({Don't play} 13... Nxe5 14. Be2 Ng4 15. Bxg4 Qxg4 16. f3 $16) 14. cxd5 exd5 15. Be3 {[%emt 0:00:25] Strongly threatening f3.} Nxe5 16. f3 {[%emt 0:00:02] Prevents Bg4.} ({Reject} 16. Bxe4 dxe4 17. Qxe4 Re8 $15) 16... Nc5 17. Bf5 Ne6 $1 {[%emt 0:00:12][%mdl 4] now scores much better than the old 17...f6.} 18. Rae1 Nxd4 19. Bxd4 Nc6 {[%emt 0:00:10] [#]} 20. Bf6 $146 {[%emt 0:00:28] A strong pair of Bishops.} ({Predecessor:} 20. f4 Nxd4 21. cxd4 gxf4 22. Rxf4 Bxf5 23. Rxf5 Qh6 24. Qc7 Rac8 25. Qe5 f6 26. Qxd5+ Kh8 27. Qxb7 Rc2 28. Rf2 Rxf2 29. Kxf2 Qxh2+ 30. Qg2 Qh5 {½-½ (30) So,W (2778)-Nakamura,H (2750) Berlin 2022}) 20... Qh6 21. Bxc8 Raxc8 22. Qf5 {[%emt 0:00:04][%csl LRd5,LRg5] f4 is the strong threat.} Qg6 $132 {[%emt 0:00:01][%mdl 2048] Black is fighting back} 23. Qxg5 (23. g4 {with more complications.} h6 24. f4 Qxf5 25. gxf5 Rfe8 26. fxg5 hxg5 27. Kf2) 23... Qxg5 24. Bxg5 f6 25. Bf4 Rfd8 26. Rf2 Kf7 27. Rd2 d4 28. cxd4 Rxd4 29. Rb1 b6 30. Rc2 (30. Rc1 {is interesting.} Ne5 31. Rxc8 Nxf3+ 32. Kf2) 30... Rdd8 31. Rbc1 Ne7 32. Rc7 a6 33. Kf2 (33. Rb1 $5 ) 33... h5 (33... Rxc7 $1 $11 34. Rxc7 Ke6) 34. Rb7 $16 {[%emt 0:01:20] aiming for Re1. White is more active.} Ke8 35. Re1 (35. Rxb6 $16 Rxc1 36. Bxc1) 35... Rc2+ $14 36. Kg1 Rd7 37. Rxb6 Kf7 38. Rxa6 Rb7 39. Be3 Nf5 40. Ra7 Rxa7 41. Bxa7 {[%emt 0:00:00] Black must now prevent Ra1.} Rxa2 {[%emt 0:00:01][%mdl 4096] Endgame KRB-KRN} 42. Bf2 Nd6 43. Rc1 Kg6 44. Rc6 Nf5 45. h3 (45. Rc3 $14) 45... Ra1+ $11 46. Kg2 Ra2 47. Re6 Nd4 (47... h4 $5 48. g4 (48. gxh4 Nxh4+ 49. Kg3 Nf5+ 50. Kg2 Nh4+ 51. Kg3 Nf5+ 52. Kg2 Nh4+ $11) 48... Ng3 $14) 48. Re4 Nf5 49. g4 hxg4 50. hxg4 Ng7 51. Rc4 Ne6 52. Kg3 Ra3 53. Kg2 Ra2 54. Re4 Ng5 55. Re3 f5 {[%emt 0:00:06] The position is equal.} 56. gxf5+ Kxf5 57. Rb3 Nh3 58. Kxh3 Rxf2 {[%emt 0:00:01] KR-KR} 59. Kg3 Ra2 60. Rb5+ Kf6 61. f4 Ra1 62. Kg4 Rg1+ 63. Kf3 Rf1+ 64. Kg4 Rg1+ 65. Kf3 Rf1+ 66. Kg4 Rg1+ {[%emt 0:00:00] Weighted Error Value: White=0.08 (flawless) /Black=0.07 (flawless)} 1/2-1/2

[Event "MCCT Chessable Masters 2022"]
[Site "Online"]
[Date "2022.05.16"]
[Round "4.5"]
[White "Wei, Yi"]
[Black "Anton Guijarro, David"]
[Result "1-0"]
[ECO "D21"]
[WhiteElo "2727"]
[BlackElo "2691"]
[Annotator "TA"]
[PlyCount "73"]
[EventDate "2022.05.19"]
[EventType "tourn"]
[EventCountry "NET"]
[SourceTitle "playchess.com"]
[Source "ChessBase"]
[SourceQuality "1"]
[TimeControl "900+10"]

1. d4 d5 2. c4 e6 3. Nf3 dxc4 4. Qa4+ Nd7 5. e4 a6 6. Bxc4 {[%emt 0:00:24] D21: Queen's Gambit Accepted: 3 Nf3 sidelines.} Rb8 7. Qc2 b5 {[%emt 0:00:15] [#]} 8. Bd3 $146 {[%emt 0:00:08] White is slightly better.} ({Predecessor:} 8. Be2 Bb7 9. Be3 Rc8 10. Nc3 Ngf6 11. e5 Nd5 12. Nxd5 Bxd5 13. O-O c5 14. dxc5 Bxc5 {0-1 (37) Inants,A (2241)-Skomorokhin,R (2378) Moscow 2008}) 8... c5 9. Bf4 Rb6 10. O-O {[%emt 0:00:33] White is more active.} Ngf6 11. a4 {[%emt 0:00:50] Black must now prevent axb5.} c4 12. Be2 Bb7 13. Nc3 Bb4 14. a5 Rc6 15. d5 ({White should play} 15. e5 $1 $14) 15... exd5 $11 16. e5 Bxc3 17. bxc3 Ne4 18. Nd4 Rg6 19. f3 (19. Qc1 $11) 19... Nec5 $17 20. Bg3 O-O 21. f4 Ne4 22. Bf3 f5 (22... Ndc5 $17 23. Bf2 Nb3 24. Nxb3 cxb3) 23. exf6 $1 $11 Qxf6 {[%emt 0:00:20] ...Ndc5 is the strong threat.} 24. f5 $2 (24. Bxe4 $11 dxe4 25. f5) 24... Rxg3 $19 (24... Nxg3 25. hxg3 (25. fxg6 Nxf1 26. Rxf1 Kh8 $17) 25... Rxg3 26. Qf2 $17) 25. hxg3 Ndc5 {[%emt 0:00:36] Pair of Knights!} (25... Nxg3 $19 {Hoping for ...Qh6.} 26. Qf2 Nxf1 27. Rxf1 Ne5) 26. Ne6 $1 $11 Re8 {[%emt 0:01:05] [#]} (26... Nxe6 $11 {keeps the balance.} 27. fxe6 Qxc3 28. Qxc3 Nxc3) 27. Nxc5 $1 $16 Nxc5 28. Rae1 Rd8 29. Qd2 Ne4 30. Qe3 ({Don't play} 30. Bxe4 $6 dxe4 31. Qe3 Rd3 $11) 30... h6 (30... Qxc3 $2 31. Qb6 Rd6 32. Qa7 (32. Qxb7 {leads to mate.} Qd4+) 32... Qxa5 33. Qxb7 $18) (30... Nxc3 $16 31. Qe6+ Kf8) 31. Qa7 $18 Qc6 32. Bxe4 dxe4 {[%emt 0:00:01] [#]} 33. Rf4 $1 Qd7 $2 ({Not} 33... e3 34. Rf3 $16) (33... b4) 34. f6 {[%emt 0:00:05][%cal Bf5f6,Bf6f7][%mdl 32] aiming for fxg7.} Bd5 35. Qxa6 Re8 (35... Qc6 $142 36. f7+ Kf8) 36. Rd1 Qc6 37. f7+ {[%emt 0:00:02] Never resign too early!  Weighted Error Value: White=0.14 (very precise) /Black=0.55} 1-0